 Dungeon Crawl Stone Soup version 0.32-a0-928-g1cae6b7ea0 (webtiles) character file.

Game seed: 14482180120925986802

770 runemasterragnar the Ruffian (level 7, -3/70 HPs)
             Began as a Troll Shapeshifter on Apr 13, 2024.
             Slain by a sky beast (6 damage)
             ... on level 5 of the Dungeon.
             The game lasted 00:04:27 (3532 turns).

runemasterragnar the Ruffian (Troll Shapeshifter)   Turns: 3532, Time: 00:04:28

Health: -3/70      AC:  4    Str: 25    XL:     7   Next: 53%
Magic:  6/6        EV:  8    Int:  6    God:
Gold:   176        SH:  0    Dex:  9    Spells: 1/6 levels left

rFire   + .          .
                       - Unarmed
rCold   . . .        (no shield)
rNeg    . . .        a - +0 animal skin
rPois   .            (helmet currently unavailable)
rElec   .            (cloak currently unavailable)
rCorr   .            (gloves unavailable)
SInv    .            (boots unavailable)
Will    .....        (no amulet)
Stlth   +            q - ring of protection from fire
HPRegen 1.11/turn    (no ring)
MPRegen 0.10/turn

%: no passive effects
@: beast-form
A: beast (slay +2), large, unfitting armour, claws 3, regeneration 1, shaggy fur
1, tough skin 1
a: Begin Untransformation


You were on level 5 of the Dungeon.
You were a hulking beast.
You visited 1 branch of the dungeon, and saw 5 of its levels.

You collected 176 gold pieces.

Inventory:

Armour
 a - a +0 animal skin (worn)
Jewellery
 m - a +6 ring of intelligence
 q - a ring of protection from fire (left claw)
Talismans
 c - a beast talisman (active)
 d - a flux talisman
Wands
 u - a wand of warping (21)
Scrolls
 f - 2 scrolls of amnesia {unknown}
 j - a scroll of poison {unknown}
 n - 2 scrolls of enchant armour {unknown}
 o - a scroll of torment {unknown}
 p - a scroll of blinking {unknown}
 s - 4 scrolls of teleportation
 t - a scroll of immolation {unknown}
 v - 3 scrolls of revelation
 x - 2 scrolls of identify
 y - a scroll of noise {unknown}
Potions
 b - 3 potions of lignification
 e - a potion of resistance {unknown}
 g - 3 potions of heal wounds
 h - a potion of ambrosia
 i - 3 potions of attraction
 k - a potion of haste {unknown}
 l - 3 potions of curing
 r - a potion of might
 w - 2 potions of enlightenment {unknown}


   Skills:
 * Level 4.3 Fighting
 - Level 1.6 Dodging
 - Level 0.1 Stealth
 * Level 6.1 Unarmed Combat
 + Level 4.5 Shapeshifting


You had one spell level left.
You knew the following spells:

 Your Spells              Type           Power      Damage    Failure   Level
a - Fugue of the Fallen   Necr           0%         N/A       83%         3
b - Blink                 Tloc           0%         N/A       58%         2

Your spell library contained the following spells:

 Spells                   Type           Power      Damage    Failure   Level
 Necrotise                Necr           0%         1d4       45%         1
 Cigotuvi's Dreadful Rot  Necr/Alch/Air  0%         N/A       58%         2
 Lesser Beckoning         Tloc           0%         N/A       58%         2
 Momentum Strike          Conj/Tloc      0%         3d8       58%         2
 Ozocubu's Armour         Ice            0%         N/A       83%         3
 Brom's Barrelling Bould  Conj/Erth      0%         2d3       99%         4
 Ignite Poison            Fire/Alch      0%         N/A       99%         4
 Fireball                 Conj/Fire      0%         3d3       100%        5
 Freezing Cloud           Conj/Ice/Air   0%         6-21      100%        5
 Iskenderun's Battlesphe  Conj           0%         2d6       100%        5
 Silence                  Hex/Air        0%         N/A       100%        5
 Conjure Ball Lightning   Conj/Air       0%         3x3d6     100%        6
 Dispersal                Tloc           0%         N/A       100%        6
 Gell's Gavotte           Tloc           0%         2d(11-16) 100%        6
 Permafrost Eruption      Ice/Erth       0%         2x4d1     100%        6
 Plasma Beam              Fire/Air       0%         2x1d10    100%        6
 Manifold Assault         Tloc           0%         N/A       100%        7
 Orb of Destruction       Conj           0%         9d5       100%        7
 Disjunction              Tloc           0%         N/A       100%        8


Dungeon Overview and Level Annotations

Branches:
Dungeon (5/15)
 Temple: D:4-7

Altars:
The Shining One


Innate Abilities, Weirdness & Mutations

You are a hulking beast.
Your limbs bulge with bestial killing power. (Slay +2)
You are too large for most types of armour.
You have claws for hands.
Your natural rate of healing is unusually fast.
You are covered in fur. (AC +1)
You have tough skin. (AC +1)


Message History

You closely miss the sky beast.
The sky beast is lightly wounded.
The ufetubus hits you.
The ufetubus hits you but does no damage.
The sky beast completely misses you.
The ufetubus hits you but does no damage.
The ufetubus hits you.
* * * LOW HITPOINT WARNING * * *
You claw the ufetubus!
The ufetubus is severely wounded.
The sky beast hits you but does no damage.
The ufetubus hits you but does no damage.
The ufetubus barely misses you.
You completely miss the ufetubus.
The ufetubus is severely wounded.
The ufetubus barely misses you. The ufetubus closely misses you.
The sky beast flickers out of sight!
Deactivating autopickup; reactivate with Ctrl-A.
Something hits you.
* * * LOW HITPOINT WARNING * * *
Something shocks you.
* * * LOW HITPOINT WARNING * * *
You barely miss the ufetubus.
The ufetubus is severely wounded.
The ufetubus hits you but does no damage.
The ufetubus hits you.
* * * LOW HITPOINT WARNING * * *
Something hits you.
* * * LOW HITPOINT WARNING * * *
Something shocks you.
* * * LOW HITPOINT WARNING * * *
The ufetubus closely misses you. The ufetubus barely misses you.
You scratch the ufetubus but do no damage.
The ufetubus is severely wounded.
The ufetubus barely misses you.
The ufetubus hits you but does no damage.
Something hits you.
* * * LOW HITPOINT WARNING * * *
Something shocks you.
You die...

##...####.##.# ##### #....#
####.# *##******* #)#
#..,,,,,,* #.# #.#*****,* #.#
#.# *,* ##########
#.#####.#####*,#
#........#####5#.........##.#**
#.###........#h#.###.....)...,*
*,*##..#.###..{........#.#..#,*
*,*#...#.# #.....##.........#,*
*,*#...#.###.....##.#...#..##,*
*,*#...#.........##.#..###..#,*
*,*##[.#.###...####...##Y##..,*
#.###..........####....#o#...,*
#........####.......#.##.##.#,,
#####.#### ##...#..####...###*,


You could see an ufetubus.

Vanquished Creatures
  Sigmund (D:4)
  An ice beast (D:5)
  An ogre (D:5)
  2 hounds (D:5)
  3 jellies
  2 orc priests (D:4)
  2 iguanas
  2 orc wizards
  A sleepcap (D:5)
  Ijyb (D:4)
  3 gnolls (D:3)
  3 adders (D:4)
  2 dart slugs
  A ribbon worm (D:2)
  2 orcs (D:5)
  7 bats
  11 endoplasms
  A giant cockroach (D:3)
  4 goblins
  5 hobgoblins
  10 jackals
  7 quokkas
  3 ball pythons
  6 frilled lizards
  5 kobolds
  5 rats
91 creatures vanquished.

Vanquished Creatures (others)
  An endoplasm (D:4)
1 creature vanquished.

Grand Total: 92 creatures vanquished

Notes
Turn   | Place    | Note
-------+----------+-------------------------------------------
     0 | D:1      | runemasterragnar the Troll Shapeshifter began the quest for
                  | the Orb.
     0 | D:1      | Reached XP level 1. HP: 18/18 MP: 0/0
    28 | D:1      | Reached skill level 1 in Fighting
    71 | D:1      | Reached XP level 2. HP: 24/27 MP: 1/1
   138 | D:1      | Found a faded altar of an unknown god.
   724 | D:2      | Reached XP level 3. HP: 33/33 MP: 2/2
  1630 | D:3      | Reached XP level 4. HP: 42/42 MP: 3/3
  1635 | D:3      | Reached skill level 4 in Unarmed Combat
  1894 | D:3      | Learned a level 3 spell: Fugue of the Fallen
  2039 | D:4      | Noticed Ijyb
  2048 | D:4      | Killed Ijyb
  2093 | D:4      | Reached XP level 5. HP: 48/50 MP: 4/4
  2164 | D:4      | Noticed Sigmund
  2176 | D:4      | Reached XP level 6. HP: 32/61 MP: 5/5
  2194 | D:4      | Killed Sigmund
  2195 | D:4      | Reached skill level 5 in Unarmed Combat
  2290 | D:4      | Got the Tome of the Nival Sixfirhy
  2294 | D:4      | Learned a level 2 spell: Blink
  2665 | D:5      | Entered Level 5 of the Dungeon
  2686 | D:5      | Got Rerph's Cyclopedia of Non-linear Misery
  3013 | D:5      | Reached XP level 7. HP: 68/68 MP: 6/6
  3249 | D:5      | Found a glowing golden altar of the Shining One.
  3512 | D:5      | Reached skill level 6 in Unarmed Combat
  3531 | D:5      | HP: 3/70 [something (5)]
  3532 | D:5      | Slain by a sky beast

Illustrated notes

Levels and vault maps discovered:
D:1:      heliophobic_arrival_ceremonial_halls, layout_loops_ring,
          basic_ecumenical_altar
D:2:      layout_loops_corners
D:3:      layout_rooms, kennysheep_generic_room_13
D:4:      layout_basic, uniq_sigmund, uniq_ijyb
D:5:      layout_loops_corners, mainiacjoe_overflow_tiny_flanked,
          columned_hall_lemuel, chequers_serial_rivers_large_b, minivault_27,
          minmay_fractal_squares_gapless_5

Skill      XL: |  1  2  3  4  5  6  7 |
---------------+----------------------+-----
Fighting       | 1 2 3 4 |  4.3
Unarmed Combat | 4 5 6 |  6.1
Shapeshifting  | 4 |  4.5
Dodging        | |  1.6
Stealth        | |  0.1

Action                     |  1- 3 |  4- 6 |  7- 9 || total
---------------------------+-------+-------+-------++-------
  Melee: Unarmed           |   113 |    73 |    25 ||   211
         Punch             |     2 |     2 |       ||     4
  Evoke: Wand              |       |     2 |       ||     2
    Use: Scroll            |       |     4 |       ||     4
         Potion            |       |     4 |       ||     4
 Armour: Animal skin       |    84 |    51 |    43 ||   178
         Skin              |       |     3 |       ||     3
  Dodge: Dodged            |    49 |    29 |    17 ||    95

Table legend: (Time is in decaauts)
 A = Elapsed time spent in this place.
 B = Non-inter-level travel time spent in this place.
 C = Inter-level travel time spent in this place.
 D = Time resting spent in this place.
 E = Time spent auto-exploring this place.
 F = Levels seen in this place.
 G = Mean time per level.
                   A        B        C        D        E       F      G
               +--------+--------+--------+--------+--------+-----+--------+
         Total |   3515 |   3336 |    179 |    187 |   2606 |   5 |  703.0 |
       Dungeon |   3515 |   3336 |    179 |    187 |   2606 |   5 |  703.0 |
               +--------+--------+--------+--------+--------+-----+--------+

Top non-repeatable levels by time:
     D:5: 862 daAuts
     D:4: 738 daAuts
     D:2: 732 daAuts
     D:1: 716 daAuts
     D:3: 466 daAuts
